 Dungeon Crawl Stone Soup version 0.30.0-19-g36f170ea60 (webtiles) character file.

Game seed: 5523700556676720262

25 Ijustatesigmund the Cudgeller (level 3, 0/11 (23) HPs)
             Began as a Gargoyle Reaver on May 30, 2023.
             Slain by a kobold
             ... wielding a +0 club
              (3 damage)
             ... on level 2 of the Dungeon.
             The game lasted 00:01:38 (1018 turns).

Ijustatesigmund the Cudgeller (Gargoyle Reaver)     Turns: 1018, Time: 00:01:39

HP:   0/11 (23)     AC:  6    Str: 15    XL:     3   Next: 6%
MP:   6/6           EV: 11    Int: 15    God:
Gold: 63            SH:  0    Dex:  8    Spells: 5/6 levels left

rFire   . . .        a - +0 mace
rCold   . . .        (no shield)
rNeg    + . .        b - +0 leather armour
rPois   ∞            (no helmet)
rElec   +            (no cloak)
rCorr   .            (no gloves)
SInv    .            (no boots)
Will    .....        (no amulet)
Stlth   +            (no ring)
HPRegen 0.21/turn    (no ring)
MPRegen 0.10/turn

%: no passive effects
@: extremely drained
A: sickness immunity, AC +3, negative energy resistance 1, electricity
resistance, torment resistance 1, petrification resistance
a: no special abilities


You were on level 2 of the Dungeon.
You visited 1 branch of the dungeon, and saw 2 of its levels.

You collected 63 gold pieces.

Inventory:

Hand Weapons
 a - a +0 mace (weapon)
Armour
 b - a +0 leather armour (worn)
Scrolls
 c - a scroll of enchant weapon {unknown}
 d - a scroll of summoning {unknown}
 f - a scroll of identify {unknown}
 g - a scroll of brand weapon {unknown}
Potions
 e - a potion of berserk rage {unknown}


   Skills:
 + Level 3.1 Fighting
 + Level 3.6 Maces & Flails
 - Level 1.5 Dodging
 - Level 2.0 Spellcasting
 - Level 3.2 Conjurations


You had 5 spell levels left.
You knew the following spells:

 Your Spells              Type           Power      Damage    Failure   Level
a - Kiss of Death         Conj/Necr      24%        2d7       14%         1

Your spell library contained the following spells:

 Spells                   Type           Power      Damage    Failure   Level
 Momentum Strike          Conj/Tloc      12%        3d8       22%         2
 Hailstorm                Conj/Ice       6%         3d4       38%         3


Dungeon Overview and Level Annotations

Branches:
Dungeon (2/15)

Altars:


Innate Abilities, Weirdness & Mutations

You are immune to sickness and miasma.
Your stone body is resilient. (AC +3)
You are immune to poison.
You resist negative energy. (rN+)
You are resistant to electric shocks. (rElec)
You are resistant to unholy torment.
You are immune to petrification.


Message History

The negative energy hits the worm.
The worm is drained!
You kill the worm!
You feel drained.
You have reached level 3!
Your experience leads to an increase in your attributes!
Increase (S)trength, (I)ntelligence, or (D)exterity?
You feel clever. x2
You start resting.
Magic restored.
You start resting.
HP restored.
You start waiting.
A hobgoblin comes into view.
A kobold comes into view. It is wielding a +0 club.
Things that are here:
11 gold pieces; a +0 short sword
Found a hand axe.
You see here a scroll labelled ETSIR LASTREIQ.
You hit the hobgoblin.
The hobgoblin is severely wounded.
The hobgoblin barely misses you.
You sock the hobgoblin!
You kill the hobgoblin!
The kobold hits you with a +0 club.
You barely miss the kobold. The kobold misses you.
You closely miss the kobold. The kobold misses you.
The kobold hits you with a +0 club.
You closely miss the kobold. The kobold hits you but does no damage.
You barely miss the kobold. The kobold misses you.
You closely miss the kobold. The kobold closely misses you.
You closely miss the kobold. The kobold hits you with a +0 club. x2
You closely miss the kobold. The kobold hits you but does no damage.
You barely miss the kobold. The kobold hits you with a +0 club.
You closely miss the kobold. The kobold hits you with a +0 club.
You hit the kobold but do no damage. The kobold hits you but does no damage.
You barely miss the kobold. The kobold barely misses you.
The kobold hits you with a +0 club.
* * * LOW HITPOINT WARNING * * *
You closely miss the kobold. The kobold hits you with a +0 club.
You die...

#....# ###.
....)#.#.
........ ......
..... .....#
#...# ....# #..#
#?K####..#
#@.......##
###.........#####
#....$.†.........
#...###......#
....#. #####.##
###... #.# #..#
#### #.# #..#
##########.# #..#
#.......>..#


You could see a kobold.

Vanquished Creatures
  2 worms (D:2)
  2 bats (D:1)
  2 endoplasms (D:1)
  A giant cockroach (D:1)
  3 hobgoblins
  2 quokkas (D:1)
  3 ball pythons
  5 kobolds
20 creatures vanquished.

Notes
Turn   | Place    | Note
-------+----------+-------------------------------------------
     0 | D:1      | Ijustatesigmund the Gargoyle Reaver began the quest for the
                  | Orb.
     0 | D:1      | Reached XP level 1. HP: 12/12 MP: 3/3
   204 | D:1      | Reached XP level 2. HP: 11/12 MP: 1/5
   868 | D:2      | Reached XP level 3. HP: 2/11 MP: 2/6
  1018 | D:2      | Slain by a kobold

Illustrated notes

Levels and vault maps discovered:
D:1:      evilmike_arrival_crescent, layout_rooms, minmay_misc_feat_doors,
          wad_floor_pattern_2
D:2:      layout_loops_ring, nicolae_ecumenical_snake_handling,
          hangedman_decor_growths, serial_bayou_lake_a, uniq_sigmund

Skill      XL: |  1  2 |
---------------+-------+-----
Fighting       | 3 |  3.1
Maces & Flails | |  3.6
Dodging        | |  1.5
Spellcasting   | |  2.0
Conjurations   | |  3.2

Action                     || total
---------------------------++-------
  Melee: Mace              ||    57
   Cast: Kiss of Death     ||     6
 Armour: Leather armour    ||    28
  Dodge: Dodged            ||    30
